 Dungeon Crawl Stone Soup version 0.18.1-50-g88ac8fd (webtiles) character file.

115 Chiseanne the Gusty (level 4, -18/33 HPs)
             Began as a Centaur Air Elementalist on Oct 11, 2016.
             Demolished by an orc warrior
             ... wielding a +0 battleaxe
              (23 damage)
             ... on level 2 of the Dungeon.
             The game lasted 00:04:52 (2961 turns).

Chiseanne the Gusty (Centaur Air Elementalist)      Turns: 2961, Time: 00:04:53

Health: -18/33     AC:  7    Str: 11    XL:     4   Next: 68%
Magic:  1/7        EV:  9    Int: 15    God:
Gold:   132        SH:  0    Dex:  9    Spells: 1 memorised, 6 levels left

rFire  . . .     SeeInvis .     l - +0 rapier
rCold  . . .     Gourm    .     a - +0 robe
rNeg   . . .     Faith    .     (no shield)
rPois  .         Spirit   .     k - +0 helmet
rElec  .         Dismiss  .     d - +0 cloak
rCorr  .         Reflect  .     n - +0 pair of gloves (curse)
SustAt .         Harm     .     (no barding)
MR     .....                    (no amulet)
Stlth  +.........               (no ring)
                                (no ring)

@: very slightly contaminated, very quick, not resistant to hostile
enchantments, very unstealthy
A: hooves 3, deformed body, speed 2, tough skin 3
a: no special abilities


You were on level 2 of the Dungeon.
You were not hungry.

You visited 1 branch of the dungeon, and saw 2 of its levels.

You collected 132 gold pieces.

Inventory:

Hand Weapons
 l - a +0 rapier (weapon)
Missiles
 f - 37 stones (quivered)
 j - 25 bolts
 q - 19 sling bullets
Armour
 a - a +0 robe (worn)
 d - a +0 cloak (worn)
 k - a +0 helmet (worn)
 n - a cursed +0 pair of gloves (worn)
Wands
 r - a wand of polymorph (8/24)
Scrolls
 p - a scroll of remove curse
Potions
 e - a potion of berserk rage
 g - a potion of curing {unknown}
 m - 2 potions of lignification {unknown}
 o - a potion of brilliance {unknown}
Books
 b - a book of Air

   Spells                             Type                      Level
   a - Shock                          Conjuration/Air              1
   b - Swiftness                      Charms/Air                   2
   c - Repel Missiles                 Charms/Air                   2
   d - Static Discharge               Conjuration/Air              3
   e - Lightning Bolt                 Conjuration/Air              5
Comestibles
 c - a bread ration
 h - a beef jerky
 i - a chunk of flesh


   Skills:
 - Level 1.3 Dodging
 - Level 1.2 Stealth
 * Level 2.4 Spellcasting
 * Level 2.3 Conjurations
 * Level 3.7 Air Magic


You had 6 spell levels left.
You knew the following spells:

 Your Spells              Type           Power        Failure   Level  Hunger
a - Shock                 Conj/Air       ##..         8%          1    #......


Dungeon Overview and Level Annotations

Branches:
Dungeon (2/15)

Altars:


Innate Abilities, Weirdness & Mutations

You have hooves in place of feet.
Armour fits poorly on your strangely shaped body.
You cover ground very quickly.
You have extremely tough skin (AC +3).


Message History

Press: ? - help, Shift-Dir - straight line, f/p - orc priest
Aim: an orc priest, wielding a flail (severely wounded)
You miscast Shock.
You are very lightly contaminated with residual magic.
Nothing appears to happen.
The orc shouts!
The orc priest invokes the aid of Beogh against you.
Beogh smites you!
* * * LOW HITPOINT WARNING * * *
Casting: Shock
Confirm with . or Enter, or press ? or * to list all spells.
Aiming: Shock
Press: ? - help, Shift-Dir - straight line, f/p - orc priest
Aim: an orc priest, wielding a flail (severely wounded)
The zap hits the orc warrior.
The orc warrior appears unharmed.
The zap hits the orc priest.
The orc priest is almost dead.
The orc warrior hits you with a battleaxe!!
Ouch! That really hurt!
You die...

#.....8....##.###...# #.#
#.)...............#.#####.#
#)######..................#
#.# ######.##.#..#####.#
#.# #.##.#..# #.# ######.#
#.##.#>.#####.# .......#
#........<....# ..######
##########.#..####### ..#
#....@o).oo.....# ..#
#.########.#..#.# ..# #.#
#.#..#.# ..# #######.#
#.#..#.# .## #.......#
#.#..#.# .# #.#######
######.#..#.# .# #.#
#>........#.# .# #.#
#.####.#.##.# .# #.##
##.#.#..#


You could see an orc warrior, an orc priest and an orc.

Vanquished Creatures
  Ijyb (D:2)
  4 adders (D:2)
  A worm (D:2)
  A dart slug (D:1)
  A giant gecko (D:2)
  2 giant cockroaches (D:1)
  4 goblins
  4 hobgoblins
  7 jackals (D:1)
  8 kobolds
  A quokka (D:2)
  7 bats
  3 giant newts
  3 rats (D:1)
47 creatures vanquished.

Notes
Turn   | Place    | Note
--------------------------------------------------------------
     0 | D:1      | Chiseanne the Centaur Air Elementalist began the quest for the Orb.
     0 | D:1      | Reached XP level 1. HP: 14/14 MP: 3/3
    44 | D:1      | Reached skill level 1 in Conjurations
   236 | D:1      | Reached skill level 3 in Air Magic
   236 | D:1      | Reached XP level 2. HP: 8/20 MP: 0/4
  1246 | D:1      | Reached XP level 3. HP: 26/26 MP: 2/5
  1623 | D:2      | Found a faded altar to an unknown god.
  2407 | D:2      | Noticed Ijyb
  2441 | D:2      | Killed Ijyb
  2441 | D:2      | Reached XP level 4. HP: 29/33 MP: 0/7
  2957 | D:2      | Noticed an orc warrior
  2961 | D:2      | Demolished by an orc warrior

Skill      XL: |  1  2  3 |
---------------+----------+-----
Conjurations   | 1 2 |  2.3
Air Magic      | 3 |  3.7
Spellcasting   | 2 |  2.4
Dodging        | |  1.3
Stealth        | |  1.2

Action                   |  1- 3 |  4- 6 || total
-------------------------+-------+-------++-------
Melee: Club              |    20 |       ||    20
       Kick              |     4 |       ||     4
       Short sword       |     8 |       ||     8
       Rapier            |    19 |     4 ||    23
 Cast: Shock             |    84 |    29 ||   113
  Use: Scroll            |     3 |       ||     3
  Eat: Chunk             |     6 |     2 ||     8
Armor: Robe              |    42 |     8 ||    50
Dodge: Dodged            |    48 |     2 ||    50
